 Dungeon Crawl Stone Soup version 0.30-a0-800-g7c544603b3 (webtiles) character file.

Game seed: 10245285898672767779

58 Lothy the Covered (level 3, -6/33 HPs)
             Began as a Minotaur Fighter on Feb 21, 2023.
             Was an Initiate of Cheibriados.
             Mangled by a gnoll
             ... wielding a +0 spear
              (7 damage)
             ... on level 3 of the Dungeon.
             The game lasted 00:17:25 (1388 turns).

Lothy the Covered (Minotaur Fighter)                Turns: 1388, Time: 00:17:25

Health: -6/33      AC:  7    Str: 23    XL:     3   Next: 75%
Magic:  2/2        EV:  9    Int:  6    God:    Cheibriados [......]
Gold:   222        SH:  4    Dex: 10    Spells: 2/2 levels left

rFire   . . .      SeeInvis .    o - +0 hand axe
rCold   . . .      Faith    .    c - +0 buckler
rNeg    . . .      Spirit   .    m - +0 scale mail
rPois   .          Reflect  .    (helmet restricted)
rElec   .          Harm     .    (no cloak)
rCorr   .          Rampage  .    (no gloves)
Will    .....                    (no boots) Stlth
                                 (no amulet)
HPRegen 0.25/turn                k - ring of flight
MPRegen 0.08/turn                (no ring)

@: flying, very slow
A: horns 2, retaliatory headbutt
a: Renounce Religion


You were on level 3 of the Dungeon.
You worshipped Cheibriados.
Cheibriados was noncommittal.
You visited 1 branch of the dungeon, and saw 3 of its levels.

You collected 222 gold pieces.

Inventory:

Hand Weapons
 a - a +0 trident
 f - a +0 dagger
 l - a +0 sling
 o - a +0 hand axe (weapon)
Missiles
 n - 19 stones (quivered) {pioss}
Armour
 b - a +0 scale mail
 c - a +0 buckler (worn)
 m - a +0 scale mail (worn)
 r - a +0 scale mail
Jewellery
 k - a ring of flight (left hand)
Scrolls
 e - a scroll of noise {unknown}
 g - a scroll of amnesia {unknown}
 j - a scroll of vulnerability
 q - a scroll of immolation {unknown}
Potions
 d - a potion of might
 h - a potion of haste {unknown}
 i - a potion of brilliance {unknown}
 p - a potion of resistance {unknown}


   Skills:
 + Level 4.1 Fighting
 + Level 0.3(2.0) Axes
 + Level 3.3 Polearms
 + Level 4.3 Armour
 + Level 4.1 Shields


You had 2 spell levels left.
You didn't know any spells.
Your spell library contained the following spells:

 Spells                   Type           Power      Damage    Failure   Level
 Ensorcelled Hibernation  Hex/Ice        0%         N/A       94%         2
 Spider Form              Tmut/Pois      0%         N/A       99%         3
 Anguish                  Hex/Necr       0%         N/A       100%        4
 Animate Armour           Summ/Erth      0%         N/A       100%        4
 Lee's Rapid Deconstruct  Erth           0%         3d4*      100%        5
 Disjunction              Tloc           0%         N/A       100%        8


Dungeon Overview and Level Annotations

Branches:
Dungeon (3/15)

Altars:
Cheibriados
Gozag


Innate Abilities, Weirdness & Mutations

You have a pair of horns on your head.
You reflexively headbutt those who attack you in melee.


Message History

Gozag does not appreciate desertion!
Cheibriados welcomes you!
Cheibriados begins to support your attributes as your movement slows.
Cheibriados is now slowing the effects of poison on you.
Unknown command.
Press < or > to pray at altars.
Found a book of Vapours.
Found a stone staircase leading down.
A gnoll comes into view. It is wielding a +0 spear.
Gozag incites the gnoll against you.
The gnoll goes berserk!
The gnoll rages.
You hear a shout! x2
A gnoll comes into view. It is wielding a +0 spear.
Gozag incites the gnoll against you.
The gnoll shouts!
The gnoll goes berserk!
You hear a shout!
You block the gnoll's attack.
A gnoll comes into view. It is wielding a +0 whip.
Gozag incites the gnoll against you.
The gnoll goes berserk!
You block the gnoll's attack.
The gnoll hits you from afar with a +0 spear!
You block the gnoll's attack.
A gnoll comes into view.
It is wielding a +0 flail of protection.
Gozag incites the gnoll against you.
The gnoll goes berserk!
The gnoll rages.
The gnoll completely misses you.
The gnoll rages.
A rat comes into view.
The gnoll hits you from afar with a +0 spear!
A kobold comes into view. It is wielding a +0 short sword.
You hear a shout!
The gnoll hits you from afar with a +0 spear.
The gnoll hits you from afar with a +0 spear!
* * * LOW HITPOINT WARNING * * *
You block the gnoll's attack.
The gnoll hits you from afar with a +0 spear!
You die...

#### .... #.########
#...
.....#.##.....######...
..r..#.#...........#...
#...#.#.##.≈≈≈≈≈≈.....
..>g.g..##.≈≈≈≈≈≈.#...
..gg#..#.≈≈_.≈≈.#...
#..#...≈≈>⌠≈≈.#...
#@.....≈≈≈≈≈≈.#...
#.##...≈≈≈≈≈≈.....
#.###...........#. #.#
###.......###. #.#
#.......# #. #.#
#.......# #. #.#
##......# #. #.# ....:.
##. .....


You could see 4 gnolls and a rat.

Vanquished Creatures
  Jessica (D:3)
  A dart slug (D:1)
  An orc (D:3)
  3 ball pythons
  6 endoplasms
  2 hobgoblins
  A quokka (D:3)
  4 bats
  2 frilled lizards (D:1)
  A goblin (D:1)
  5 kobolds
  3 rats
30 creatures vanquished.

Notes
Turn   | Place    | Note
-------+----------+-------------------------------------------
     0 | D:1      | Lothy the Minotaur Fighter began the quest for the Orb.
     0 | D:1      | Reached XP level 1. HP: 19/19 MP: 0/0
   276 | D:1      | Found a faded altar of an unknown god.
   295 | D:1      | Prayed at the altar of an unknown god.
   295 | D:1      | Became a worshipper of Gozag Ym Sagoz the Greedy
   353 | D:2      | Reached XP level 2. HP: 20/27 MP: 1/1
   922 | D:2      | Got the Exposition on Warped Minerals
  1289 | D:3      | Reached XP level 3. HP: 33/33 MP: 2/2
  1313 | D:3      | Noticed Jessica
  1324 | D:3      | Killed Jessica
  1362 | D:3      | Found a snail-covered altar of Cheibriados.
  1376 | D:3      | Fell from the grace of Gozag
  1376 | D:3      | Became a worshipper of Cheibriados the Contemplative
  1388 | D:3      | HP: 1/33 [gnoll/+0 spear (9)]
  1388 | D:3      | Mangled by a gnoll

Illustrated notes

Levels and vault maps discovered:
D:1:      matt_arrival_los_fun, layout_loops_ring,
          dreamdust_ecumenical_altar_statues, st_stairs_7
D:2:      layout_basic
D:3:      kennysheep_goblin_castle, layout_basic, general_overflow_altar,
          uniq_grinder, uniq_jessica

Skill      XL: |  1  2  3 |
---------------+----------+-----
Armour         | 4 |  4.3
Polearms       | 3 |  3.3
Fighting       | 4 |  4.1
Shields        | 4 |  4.1
Axes           | |  0.3

Action                     || total
---------------------------++-------
  Melee: Trident           ||    37
         Headbutt          ||    11
         Hand axe          ||    11
    Use: Scroll            ||     1
 Armour: Scale mail        ||    17
  Dodge: Dodged            ||    25
  Block: Buckler           ||    12

Table legend: (Time is in decaauts)
 A = Elapsed time spent in this place.
 B = Non-inter-level travel time spent in this place.
 C = Inter-level travel time spent in this place.
 D = Time resting spent in this place.
 E = Time spent auto-exploring this place.
 F = Levels seen in this place.
 G = Mean time per level.
                   A        B        C        D        E       F      G
               +--------+--------+--------+--------+--------+-----+--------+
         Total |   1405 |    444 |    961 |      0 |      0 |   3 |  468.3 |
       Dungeon |   1405 |    444 |    961 |      0 |      0 |   3 |  468.3 |
               +--------+--------+--------+--------+--------+-----+--------+

Top non-repeatable levels by time:
     D:1: 795 daAuts
     D:2: 411 daAuts
     D:3: 198 daAuts
